 Dungeon Crawl Stone Soup version 0.18-a0-917-g8a3da5b (webtiles) character file.

1385 st0uf the Blocker (level 9, -4/69 HPs)
             Began as a Formicid Fighter on Dec 26, 2015.
             Was a Follower of Makhleb.
             Slain by Menkaure (20 damage)
             ... on level 6 of the Dungeon.
             The game lasted 00:24:40 (6181 turns).

st0uf the Blocker (Formicid Fighter)                Turns: 6181, Time: 00:24:40

Health: -4/69      AC:  7    Str: 24    XL:     9   Next: 0%
Magic:  11/11      EV:  9    Int:  8    God:    Makhleb [*.....]
Gold:   193        SH: 15    Dex: 10    Spells: 0 memorised, 8 levels left

rFire  . . .     SeeInvis +     C - +2 long sword (pain)
rCold  . . .     Gourm    .     b - +0 scale mail
rNeg   . . .     Faith    .     c - +0 shield
rPois  .         Spirit   .     (helmet unavailable)
rElec  .         Dismiss  .     (no cloak)
rCorr  .         Reflect  +     (no gloves)
SustAt .         Harm     .     (no boots)
MR     .....                    v - +4 amulet of reflection
Stlth  ..........               (no ring)
                                (no ring)

@: not resistant to hostile enchantments, extremely unstealthy
A: permanent stasis, dig shafts and tunnels, four strong arms, antennae 3
a: Dig, Shaft Self, Renounce Religion


You were on level 6 of the Dungeon.
You worshipped Makhleb.
Makhleb was aware of your devotion.
You were not hungry.

You visited 2 branches of the dungeon, and saw 7 of its levels.

You collected 193 gold pieces.

Inventory:

Hand Weapons
 a - a +0 long sword
 C - a +2 long sword of pain (weapon)
Armour
 b - a +0 scale mail (worn)
 c - a +0 shield (worn)
Jewellery
 v - a +4 amulet of reflection (around neck)
Wands
 w - a wand of lightning (10/15)
Scrolls
 e - a scroll of enchant weapon {unknown}
 g - 2 scrolls of remove curse {unknown}
 h - a scroll of random uselessness {unknown}
 i - 2 scrolls of amnesia {unknown}
 k - a scroll of enchant armour {unknown}
 l - a scroll of noise {unknown}
 n - a scroll of recharging {unknown}
 q - 2 scrolls of magic mapping {unknown}
 r - 5 scrolls of identify {unknown}
 s - 2 scrolls of fear {unknown}
 u - a scroll of teleportation {unknown}
Potions
 d - a potion of might
 o - a potion of heal wounds {unknown}
 p - a potion of beneficial mutation {unknown}
 t - a potion of resistance {unknown}
 z - a potion of poison {unknown}
 B - 2 potions of cure mutation
 D - a potion of lignification
Books
 y - a book of Necromancy

   Spells                             Type                      Level
   a - Pain                           Necromancy                   1
   b - Animate Skeleton               Necromancy                   1
   c - Vampiric Draining              Necromancy                   3
   d - Regeneration                   Charms/Necromancy            3
   e - Animate Dead                   Necromancy                   4
   f - Control Undead                 Necromancy                   4
Comestibles
 f - 4 bread rations
 j - 2 meat rations
 m - 2 beef jerkies
 x - a slice of pizza
 A - 3 fruits
 E - 2 chunks of flesh


   Skills:
 + Level 5.8 Fighting
 + Level 4.6 Long Blades
 + Level 6.5 Armour
 + Level 8.0 Shields
 * Level 2.8 Invocations


You had 8 spell levels left.
You didn't know any spells.

Dungeon Overview and Level Annotations

Branches:
Dungeon (6/15)             Temple (1/1) D:4

Altars:
Ashenzari
Cheibriados
Dithmenos
Elyvilon
Fedhas
Gozag
Kikubaaqudgha
Makhleb
Nemelex Xobeh
Qazlal
Ru
Sif Muna
Trog
Vehumet
Xom
Zin

Annotations:
D:3 Sigmund
D:6 Menkaure


Innate Abilities, Weirdness & Mutations

You are under a permanent stasis effect.
You can dig through walls and to a lower floor.
Your four strong arms can wield two-handed weapons with a shield.
You have a pair of large antennae on your head (SInv).


Message History

You hit Menkaure.
Menkaure is heavily damaged.
Menkaure calls on the powers of darkness!
Your body is wracked with pain!
You hit Menkaure but do no damage.
Menkaure is heavily damaged.
Menkaure calls on the powers of darkness!
Your body is wracked with pain!
* * * LOW HITPOINT WARNING * * *
You hit Menkaure but do no damage.
Menkaure is heavily damaged.
You block Menkaure's attack.
You slash Menkaure!
Menkaure is severely damaged.
Menkaure hits you.
* * * LOW HITPOINT WARNING * * *
You hit Menkaure.
Menkaure is severely damaged.
Menkaure hits you!!
You die...

.........♣
.$....._ ....M..
.....♣ #....♣#
#.....# #...###
#..##.#######
#..M@.......# ##
#####.#####.# #.
#.# #.# #. #.#
#.# #. #.# #.# #.
#.#####.########.
#....)...........
#######.#########
#.# #


You could see Menkaure.

Vanquished Creatures
  A centaur (D:6)
  A big kobold (D:5)
  3 ice beasts (D:5)
  Blork the orc (D:6)
  4 scorpions
  2 crimson imps (D:5)
  An orc priest (D:5)
  A centaur zombie (D:5)
  2 centaur skeletons
  A hound (D:6)
  2 orc wizards (D:5)
  Jessica (D:2)
  4 worker ants
  A killer bee zombie (D:5)
  2 hound skeletons
  4 gnolls (D:6)
  A worker ant zombie (D:5)
  6 adders
  2 shadow imps (D:5)
  2 worms
  2 giant geckos
  23 orcs
  2 ball pythons
  4 bats
  5 goblins
  6 hobgoblins
  2 quokkas
  4 giant cockroaches
  A giant cockroach zombie (D:5)
  2 giant newts
  12 jackals
  7 kobolds
  10 rats
122 creatures vanquished.

Vanquished Creatures (others)
  A kobold (D:5)
1 creature vanquished.

Grand Total: 123 creatures vanquished

Notes
Turn   | Place    | Note
--------------------------------------------------------------
     0 | D:1      | st0uf the Formicid Fighter began the quest for the Orb.
     0 | D:1      | Reached XP level 1. HP: 18/18 MP: 1/1
   217 | D:1      | Reached XP level 2. HP: 24/24 MP: 2/2
   789 | D:2      | Found a bloodstained altar of Trog.
   962 | D:2      | Noticed Jessica
   962 | D:2      | Reached XP level 3. HP: 20/29 MP: 3/3
   970 | D:2      | Reached skill level 4 in Armour
   981 | D:2      | Killed Jessica
   981 | D:2      | Reached XP level 4. HP: 18/35 MP: 4/4
  1963 | D:3      | Reached XP level 5. HP: 31/42 MP: 5/5
  2524 | D:3      | Noticed Sigmund
  2552 | D:4      | Reached skill level 5 in Shields
  2768 | D:4      | Reached skill level 5 in Armour
  2768 | D:4      | Reached XP level 6. HP: 32/48 MP: 6/6
  3121 | D:4      | HP: 1/48 [orc/flail (4)]
  3468 | D:4      | Reached XP level 7. HP: 53/55 MP: 7/7
  3541 | D:4      | Found a staircase to the Ecumenical Temple.
  3567 | D:5      | Entered Level 5 of the Dungeon
  3705 | D:5      | Reached skill level 6 in Shields
  4273 | Temple   | Entered the Ecumenical Temple
  4935 | D:5      | Reached skill level 5 in Fighting
  4959 | D:5      | Reached XP level 8. HP: 47/62 MP: 8/8
  4977 | D:5      | Reached skill level 7 in Shields
  5010 | D:5      | Found a burning altar of Makhleb.
  5016 | D:5      | Became a worshipper of Makhleb the Destroyer
  5095 | D:5      | Reached skill level 1 in Invocations
  5717 | D:5      | Found a deep blue altar of Sif Muna.
  5826 | D:6      | Reached * piety under Makhleb
  6092 | D:6      | Noticed Blork the orc
  6102 | D:6      | Killed Blork the orc
  6102 | D:6      | Reached skill level 8 in Shields
  6105 | D:6      | Reached XP level 9. HP: 57/69 MP: 11/11
  6165 | D:6      | Found a glowing silver altar of Zin.
  6165 | D:6      | Noticed Menkaure
  6181 | D:6      | Slain by Menkaure

Vault maps used:
D:1:      nicolae_arrival_memento_mori
D:2:      bloody_trog, uniq_jessica
D:3:      serial_bayou_pond_d, uniq_sigmund
D:4:      minmay_temple_entry_from_below_a, first_bread,
          minmay_misc_feat_encased, kennysheep_generic_room_12
D:5:      makhleb_grotto_becter, marbit_many_paths
D:6:      zin_academy, uniq_blork_the_orc, uniq_menkaure
Temple:   oiseaux_autumnal_temple_12

Action                   |  1- 3 |  4- 6 |  7- 9 || total
-------------------------+-------+-------+-------++-------
Melee: Long sword        |    85 |   244 |   356 ||   685
  Use: Potion            |       |       |     3 ||     3
  Eat: Chunk             |       |     8 |     9 ||    17
       Fruit             |       |       |     1 ||     1
